 Seeded DCSS version 0.29-a0-816-g82769f0e0c (webtiles) character file.

Game seed: 1642767598979250077 (custom seed)

1150 HELP the Stinger (level 8, -13/50 HPs)
             Began as an Octopode Venom Mage on Apr 10, 2021.
             Was an Initiate of Gozag.
             Mangled by an orc warrior
             ... wielding a +0 dire flail
              (19 damage)
             ... on level 6 of the Dungeon on July 5, 2022.
             The game lasted 00:32:41 (7103 turns).

HELP the Stinger (Octopode Venom Mage)              Turns: 7103, Time: 00:32:42

Health: -13/50     AC:  1    Str:  7    XL:     8   Next: 38%
Magic:  12/15      EV: 14    Int: 23    God:    Gozag
Gold:   449        SH:  0    Dex: 13    Spells: 10/17 levels left

rFire   . . .      SeeInvis .   a - +12 dagger "Juing" {vorpal, Int+4}
rCold   . . .      Faith    .   (no shield)
rNeg    . . .      Spirit   .   (helmet restricted)
rPois   .          Reflect  .   (no amulet)
rElec   .          Harm     .   w - +4 ring of slaying
rCorr   .          Rampage  .   (no ring)
Will    .....                   (no ring)
Stlth   ++++......              (no ring)
HPRegen 0.16/turn               (no ring)
MPRegen 0.14/turn               (no ring)
                                (no ring)
                                (no ring)

@: no status effects
A: almost no armour, amphibious, 8 rings, camouflage 1, gelatinous body 1,
(nimble swimmer 1), tentacles
a: Renounce Religion, Potion Petition, Call Merchant, Bribe Branch


You were on level 6 of the Dungeon.
You worshipped Gozag.
Gozag was aware of your devotion.
You visited 1 branch of the dungeon, and saw 6 of its levels.

You collected 775 gold pieces.
You spent 288 gold pieces at shops.
You paid 38 gold pieces to Gozag.

Inventory:

Hand Weapons
 a - the +12 dagger "Juing" (weapon) {vorpal, Int+4}
   (You bought it in a shop on level 2 of the Dungeon)

   It inflicts extra damage upon your enemies.
   Int:       It affects your intelligence (+4).
 b - a +0 sling
Missiles
 c - 31 poisoned darts
 f - 148 stones
 k - 40 sling bullets
Magical Staves
 p - a staff of conjuration
 u - a staff of poison
Jewellery
 w - a +4 ring of slaying (left tentacle)
Scrolls
 d - 2 scrolls of noise {unknown}
 e - a scroll of immolation {unknown}
 g - a scroll of magic mapping {unknown}
 h - a scroll of silence {unknown}
 i - 2 scrolls of torment {unknown}
 j - 4 scrolls of teleportation {unknown}
 m - a scroll of holy word
 n - a scroll of enchant armour {unknown}
 o - 7 scrolls of identify {unknown}
 s - 4 scrolls of fog {unknown}
 v - 4 scrolls of enchant weapon {unknown}
Potions
 l - 5 potions of curing
 q - 2 potions of magic {unknown}
 r - 2 potions of brilliance {unknown}
 t - 2 potions of haste
 x - 3 potions of might {unknown}
 z - 2 potions of lignification {unknown}


   Skills:
 - Level 1.8 Fighting
 - Level 3.8 Dodging
 + Level 6.5 Stealth
 + Level 5.0 Spellcasting
 - Level 2.4 Transmutations
 + Level 7.2 Poison Magic


You had 10 spell levels left.
You knew the following spells:

 Your Spells              Type           Power      Damage    Failure   Level
a - Sting                 Tmut/Pois      100%       1d8       1%          1
b - Olgreb's Toxic Radia  Pois           39%        N/A       4%          4
z - Poisonous Vapours     Pois/Air       44%        N/A       3%          2

Your spell library contained the following spells:

 Spells                   Type           Power      Damage    Failure   Level
 Ignite Poison            Fire/Tmut/Pois 20%        N/A       8%          3
 Mephitic Cloud           Conj/Pois/Air  16%        N/A       11%         3
 Confusing Touch          Hex            5%         N/A       28%         3
 Gell's Gravitas          Tloc           5%         N/A       28%         3
 Petrify                  Tmut/Erth      11%        N/A       50%         4
 Yara's Violent Unravell  Hex/Tmut       5%         3d4       85%         5
 Metabolic Englaciation   Hex/Ice        2%         N/A       95%         5


Dungeon Overview and Level Annotations

Branches:
Dungeon (6/15)
 Temple: D:4-7

Altars:
Gozag

Shops:
D:2 *


Innate Abilities, Weirdness & Mutations

You cannot wear most types of armour.
You are amphibious.
You can wear up to eight rings at the same time.
Your skin changes colour to match your surroundings (Stealth+).
Your rubbery body absorbs attacks. (AC +1, EV +1)
((You are camouflaged when in or above water. (Stealth+)))
You have tentacles for arms and can constrict up to eight enemies at once.


Message History

There is an open door here.
You see here a +0 club.
You open the door.
There is an open door here.
You open the door.
There is an open door here.
Found a stone staircase leading down.
An eight-headed hydra, an orc warrior and an ogre come into view.
The orc warrior is wielding a +0 dire flail and wearing a +0 plate armour of cold resistance.
Found 4 poisoned darts.
The orc warrior shouts!
The eight-headed hydra moves out of view.
The orc warrior moves out of view.
The ogre shouts!
Found 5 stones.
Casting: Olgreb's Toxic Radiance (dangerous; 4% risk of failure)
Confirm with . or Enter, or press ? or * to list all spells.
You begin to radiate toxic energy.
The orc warrior is poisoned.
The ogre is poisoned.
The ogre looks even sicker.
Your toxic aura wanes.
You barely miss the ogre.
The ogre is lightly wounded.
The ogre hits you with a +0 giant club!
You hit the ogre.
The ogre is heavily wounded.
The ogre hits you with a +0 giant club!!
Ouch! That really hurt!
* * * LOW HITPOINT WARNING * * *
The ogre attacks as you move away! The ogre closely misses you.
Something barely misses you. Something hits you!
* * * LOW HITPOINT WARNING * * *
Deactivating autopickup; reactivate with Ctrl-A.
The orc warrior barely misses you.
It was a potion of curing.
You feel better.
The orc warrior looks more healthy.
Something hits you.
* * * LOW HITPOINT WARNING * * *
The orc warrior hits you with a +0 dire flail!!
You die...
Your body crumbles into a pile of gold.

.# ...##### #
.##...(.. .#
.##.#..... ..# #
..#..#..##..#
##.##..>#......#
........#..$#..+
........O.....#
######.o.....##
#....@...## #.##..####
#(#......+ # #..##..#
#.#...### ### ##
#.#.###.## ##.## ##.
###...##...###...###..
#...#.'.....'..⌠..'..⌠
#.....##...###...#+#..


You could see an orc warrior and an ogre (poisoned).

Vanquished Creatures
  A water moccasin (D:5)
  A black bear (D:5)
  2 phantoms (D:6)
  A kobold brigand (D:5)
  3 scorpions
  A bullfrog (D:6)
  A water moccasin zombie (D:2)
  3 hounds (D:5)
  Jessica (D:3)
  An iguana (D:5)
  Natasha (D:3)
  2 orc wizards
  4 gnolls (D:5)
  7 adders
  An ufetubus (D:5)
  4 worms
  4 dart slugs
  13 orcs
  2 ball pythons
  8 bats
  12 endoplasms
  3 giant cockroaches
  10 goblins
  5 hobgoblins
  4 jackals (D:3)
  8 kobolds
  3 quokkas
  6 frilled lizards
  A quokka skeleton (D:4)
  13 rats
126 creatures vanquished.

Notes
Turn   | Place    | Note
-------+----------+-------------------------------------------
     0 | D:1      | HELP the Octopode Venom Mage began the quest for the Orb.
     0 | D:1      | Reached XP level 1. HP: 11/11 MP: 3/3
   188 | D:1      | Reached XP level 2. HP: 17/17 MP: 5/5
   195 | D:1      | Learned a level 2 spell: Poisonous Vapours
   697 | D:1      | Reached XP level 3. HP: 21/21 MP: 6/6
   821 | D:2      | Reached skill level 4 in Poison Magic
   880 | D:2      | Found Oruschia's Assorted Antiques.
   895 | D:3      | Noticed Jessica
  1393 | D:4      | Found an opulent altar of Gozag.
  1546 | D:4      | Became a worshipper of Gozag Ym Sagoz the Greedy
  1578 | D:4      | Reached XP level 4. HP: 18/27 MP: 0/7
  2237 | D:4      | Noticed a scorpion
  2241 | D:4      | Killed a scorpion
  2242 | D:4      | Reached XP level 5. HP: 31/31 MP: 1/9
  3345 | D:3      | Killed Jessica
  3346 | D:3      | Reached XP level 6. HP: 37/37 MP: 5/10
  3458 | D:3      | Noticed Natasha
  3465 | D:3      | Killed Natasha
  3657 | D:3      | Found a faded altar of an unknown god.
  4273 | D:2      | Reached skill level 1 in Fighting
  4571 | D:2      | HP: 1/38 [water moccasin zombie (3)]
  5404 | D:2      | Reached skill level 5 in Stealth
  5404 | D:2      | Reached skill level 5 in Poison Magic
  5691 | D:2      | Bought an opal ring for 120 gold pieces
  5691 | D:2      | Bought a shimmering dagger for 168 gold pieces
  5691 | D:2      | Identified the +12 dagger "Juing" {vorpal, Int+4} (You
                  | bought it in a shop on level 2 of the Dungeon)
  5695 | D:2      | Upgraded the game from 0.27-a0-926-g0e6d9124c6 to
                  | 0.27-a0-941-g386ccf399c
  5695 | D:2      | Upgraded the game from 0.27-a0-941-g386ccf399c to
                  | 0.27-a0-1118-ga84896973d
  5757 | D:3      | Upgraded the game from 0.27-a0-1118-ga84896973d to
                  | 0.29-a0-816-g82769f0e0c
  5811 | D:5      | Entered Level 5 of the Dungeon
  5906 | D:5      | Noticed a water moccasin
  5925 | D:5      | Killed a water moccasin
  5926 | D:5      | Reached XP level 7. HP: 41/44 MP: 12/12
  6004 | D:5      | Learned a level 4 spell: Olgreb's Toxic Radiance
  6222 | D:5      | Reached skill level 6 in Poison Magic
  6427 | D:5      | Reached XP level 8. HP: 50/50 MP: 14/14
  6913 | D:6      | Reached skill level 7 in Poison Magic
  7036 | D:6      | Reached skill level 5 in Spellcasting
  7093 | D:6      | Noticed an eight-headed hydra
  7102 | D:6      | HP: 2/50 [something (9)]
  7103 | D:6      | Mangled by an orc warrior

Illustrated notes

Levels and vault maps discovered:
D:1:      lightli_arrival_noodles, layout_basic
D:2:      layout_loops_ring, serial_shops, nicolae_shop_behind_doors,
          minmay_heptomino_l4
D:3:      layout_basic, ebering_ecumenical_altar_abandoned, uniq_natasha,
          uniq_jessica
D:4:      layout_basic, overflow_temple_1_default,
          minmay_misc_feat_secret_circle
D:5:      layout_basic
D:6:      layout_basic, nicolae_hexahallways, corexii_corridor_pit,
          nicolae_concentric_dashed_squares_wild, minmay_manual_mess

Skill      XL: |  1  2  3  4  5  6  7  8 |
---------------+-------------------------+-----
Stealth        | 3 4 5 6 |  6.5
Poison Magic   | 4 5 6 7 |  7.2
Transmutations | 2 |  2.4
Dodging        | 3 |  3.8
Spellcasting   | 3 4 5 |  5.0
Fighting       | 1 |  1.8

Action                   |  1- 3 |  4- 6 |  7- 9 || total
-------------------------+-------+-------+-------++-------
Melee: Dagger            |    48 |    86 |    34 ||   168
       Constrict         |     6 |    18 |     6 ||    30
       Unarmed           |     1 |       |       ||     1
       Pseudopods        |     3 |     9 |       ||    12
       Tentacles         |       |     1 |     2 ||     3
 Cast: Sting             |    10 |     3 |       ||    13
       Poisonous Vapours |    15 |    43 |     2 ||    60
       Olgreb's Toxic Ra |       |       |     2 ||     2
  Use: Potion            |       |     1 |     1 ||     2
 Stab: Sleeping          |    16 |    14 |     7 ||    37
       Distracted        |       |     1 |       ||     1
Armor: Skin              |       |     5 |       ||     5
Dodge: Dodged            |    16 |    34 |    18 ||    68

Table legend: (Time is in decaauts)
 A = Elapsed time spent in this place.
 B = Non-inter-level travel time spent in this place.
 C = Inter-level travel time spent in this place.
 D = Time resting spent in this place.
 E = Time spent auto-exploring this place.
 F = Levels seen in this place.
 G = Mean time per level.
                   A        B        C        D        E       F      G
               +--------+--------+--------+--------+--------+-----+--------+
         Total |   7087 |   6743 |    344 |    994 |   3996 |   6 | 1181.2 |
       Dungeon |   7087 |   6743 |    344 |    994 |   3996 |   6 | 1181.2 |
               +--------+--------+--------+--------+--------+-----+--------+

Top non-repeatable levels by time:
     D:4: 1855 daAuts
     D:3: 1486 daAuts
     D:1: 1240 daAuts
     D:2: 1214 daAuts
     D:5: 991 daAuts
     D:6: 299 daAuts
